 Dungeon Crawl Stone Soup version 0.32-a0-876-gcfddb08e57 (webtiles) character file.

Game seed: 15683816271014251589

1553 Lanoc the Shooter (level 8, -4/64 HPs)
             Began as a Coglin Hunter on Mar 31, 2024.
             Was a Follower of Qazlal.
             Killed by nerve-wracking pain
             ... invoked by Menkaure
              (10 damage)
             ... on level 5 of the Dungeon.
             The game lasted 00:07:11 (2856 turns).

Lanoc the Shooter (Coglin Hunter)                   Turns: 2856, Time: 00:07:12

Health: -4/64      AC:  7    Str: 11    XL:     8   Next: 88%
Magic:  8/8        EV: 13    Int: 12    God:    Qazlal [*.....]
Gold:   695        SH:  0    Dex: 20    Spells: 7/7 levels left

rFire   . . .        a - +2 sling (drain) {Ishleen}
rCold   . . .        d - +0 sling {Jia}
rNeg    . . .        p - +3 leather armour of the Irksome God {Int+3 Slay+3}
rPois   .            (no helmet)
rElec   .            (no cloak)
rCorr   .            e - +0 pair of gloves
SInv    .            (no boots)
Will    .....        (amulet unavailable)
Stlth   +            (ring unavailable)
HPRegen 0.30/turn    (ring unavailable)
MPRegen 0.11/turn    (no gizmo)

%: no passive effects
@: confused, ambrosia-drunk, hasted, very quick
A: off-hand wielding, slow wielding, warmup strikes, no jewellery
a: Invent Gizmo, Renounce Religion


You were on level 5 of the Dungeon.
You worshipped Qazlal.
Qazlal was aware of your devotion.
You visited 2 branches of the dungeon, and saw 6 of its levels.
You also visited: Sewer.

You collected 898 gold pieces.
You spent 203 gold pieces at shops.

Inventory:

Hand Weapons
 a - a +2 sling of draining (weapon) {Ishleen}
 d - a +0 sling (offhand) {Jia}
Armour
 e - a +0 pair of gloves (worn)
 p - the +3 leather armour of the Irksome God (worn) {Int+3 Slay+3}
   (You found it on level 3 of the Dungeon)

   Int+3:     It affects your intelligence (+3).
   Slay+3:    It affects your accuracy & damage with ranged weapons and melee
   (+3).
Wands
 r - a wand of polymorph (11)
 t - a wand of paralysis (18)
Scrolls
 b - a scroll of butterflies
 f - a scroll of enchant armour
 i - 2 scrolls of fear
 j - a scroll of enchant weapon {unknown}
 n - a scroll of amnesia
 o - a scroll of teleportation
 u - a scroll of poison
Potions
 c - 3 potions of might {unknown}
 g - 2 potions of brilliance {unknown}
 l - a potion of berserk rage
 m - a potion of haste
 q - 2 potions of enlightenment {unknown}


   Skills:
 + Level 5.7 Fighting
 * Level 7.9 Ranged Weapons
 + Level 5.1 Dodging
 - Level 0.7 Stealth


You had 7 spell levels left.
You didn't know any spells.
Your spell library contained the following spells:

 Spells                   Type           Power      Damage    Failure   Level
 Scorch                   Fire           0%         2d5       54%         2
 Fugue of the Fallen      Necr           0%         N/A       78%         3
 Ozocubu's Armour         Ice            0%         N/A       78%         3
 Flame Wave               Conj/Fire      0%         2d4       99%         4
 Summon Cactus Giant      Summ           0%         N/A       100%        6
 Manifold Assault         Tloc           0%         N/A       100%        7


Dungeon Overview and Level Annotations

Branches:
Dungeon (5/15)             Temple (1/1) D:5           Sewer (visited)

Altars:
Dithmenos
Gozag
Hepliaklqana
Kikubaaqudgha
Qazlal
Sif Muna
Wu Jian
Yredelemnul
Zin
The Shining One

Shops:
D:3 ?   D:4 :

Annotations:
D:5 Menkaure


Innate Abilities, Weirdness & Mutations

You can wield a second weapon in your off-hand.
It takes a long time for you to wield or remove held weapons.
Your first few attacks do less damage.
You cannot equip rings or amulets.


Message History

A frilled lizard comes into view.
The kobold brigand attacks as it pursues you!
The kobold brigand hits you with a +0 dagger.
The kobold brigand throws a throwing net.
The throwing net hits you.
You become entangled in the net!
You see here a throwing net.
You tear a large gash into the net.
Menkaure forgets how to speak, silenced by the ages.
Menkaure hits you!!
* * * LOW HITPOINT WARNING * * *
You feel much better.
The kobold brigand hits you with a +0 dagger.
Menkaure hits you!
* * * LOW HITPOINT WARNING * * *
You feel much better.
Menkaure calls on the powers of darkness!
Your body is wracked with pain!
* * * LOW HITPOINT WARNING * * *
The kobold brigand convulses!
The kobold brigand is engulfed in freezing vapours.
You kill the kobold brigand!
Qazlal accepts your kill.
You struggle against the net.
Menkaure hits you!
* * * LOW HITPOINT WARNING * * *
Menkaure hits you.
* * * LOW HITPOINT WARNING * * *
You feel yourself speed up. Menkaure barely misses you.
You are confused.
You feel invigorated. Menkaure hits you but does no damage.
You rip the net and break free!
You're too confused to move!
Menkaure gestures at you while chanting.
Pain shoots through your body!
* * * LOW HITPOINT WARNING * * *
The frilled lizard bites you but does no damage.
You're too confused to move!
Menkaure closely misses you. The frilled lizard closely misses you.
Menkaure points at you and mumbles some strange words.
Pain shoots through your body!
You die...

.#...# #...#~#
##.......... .....##
#...#~# #..#.#.#.#.
../.... #...#~#
#.......... .....(.
#...#~# ######..##.
.......######....#
#..##.
.....#?#.......###
#.....
...............#
#####.
.##.......†)..l#######
## .# .#####..M.@>...#
.# ###)#####.# ##
#...# #..(# ##..#
#...# #.... #....
#....#


You could see Menkaure (fast) and a frilled lizard.

Vanquished Creatures
  Prince Ribbit (D:5)
  A water moccasin (D:5)
  An ice beast (D:5)
  2 ogres (D:4)
  A phantom (D:5)
  Blork the orc (D:5)
  A kobold brigand (D:5)
  2 bullfrogs (Sewer)
  A scorpion (D:4)
  A bombardier beetle (D:4)
  6 hounds
  Ijyb (D:4)
  3 orc wizards
  12 adders
  6 gnolls (D:5)
  12 dart slugs
  5 ribbon worms
  9 orcs
  7 bats
  18 endoplasms
  6 giant cockroaches (Sewer)
  8 hobgoblins
  4 jackals (D:1)
  9 kobolds
  5 quokkas
  14 ball pythons
  8 frilled lizards
  4 goblins
  7 rats
156 creatures vanquished.

Vanquished Creatures (others)
  A kobold (D:5)
1 creature vanquished.

Grand Total: 157 creatures vanquished

Notes
Turn   | Place    | Note
-------+----------+-------------------------------------------
     0 | D:1      | Lanoc the Coglin Hunter began the quest for the Orb.
     0 | D:1      | Reached XP level 1. HP: 16/16 MP: 1/1
    43 | D:1      | Reached XP level 2. HP: 18/22 MP: 2/2
   149 | D:1      | Reached skill level 4 in Ranged Weapons
   392 | D:1      | Reached XP level 3. HP: 25/28 MP: 3/3
   839 | D:2      | Found a faded altar of an unknown god.
   967 | D:2      | Reached XP level 4. HP: 34/34 MP: 4/4
  1176 | D:3      | Found Wuteigeu's Magic Scroll Shoppe.
  1180 | D:3      | Bought a scroll of identify for 28 gold pieces
  1180 | D:3      | Bought a scroll of teleportation for 42 gold pieces
  1185 | D:3      | Identified the +3 leather armour of the Irksome God {Int+3
                  | Slay+3}
  1734 | D:3      | Bought a scroll of brand weapon for 133 gold pieces
  1752 | D:4      | Noticed Ijyb
  1756 | D:4      | Killed Ijyb
  1757 | D:4      | Reached XP level 5. HP: 41/41 MP: 5/5
  1769 | D:4      | Reached skill level 5 in Ranged Weapons
  1788 | D:4      | Noticed an ogre
  1794 | D:4      | Killed an ogre
  1795 | D:4      | Reached XP level 6. HP: 47/47 MP: 6/6
  1886 | D:4      | Reached XP level 7. HP: 53/53 MP: 7/7
  2036 | D:4      | Found Icatiun's Book Shoppe.
  2107 | D:4      | Reached skill level 6 in Ranged Weapons
  2239 | D:5      | Entered Level 5 of the Dungeon
  2239 | D:5      | Noticed Menkaure
  2251 | D:5      | Identified a scroll of acquirement
  2251 | D:5      | Acquired 527 gold pieces
  2346 | D:5      | Found a staircase to the Ecumenical Temple.
  2359 | Temple   | Entered the Ecumenical Temple
  2394 | Temple   | Became a worshipper of Qazlal Stormbringer
  2473 | D:5      | Reached XP level 8. HP: 61/61 MP: 8/8
  2496 | D:5      | Noticed Prince Ribbit
  2513 | D:5      | Killed Prince Ribbit
  2514 | D:5      | Reached skill level 5 in Fighting
  2514 | D:5      | Reached skill level 7 in Ranged Weapons
  2562 | D:5      | Found a glowing drain.
  2571 | Sewer    | Entered a sewer
  2658 | Sewer    | Reached * piety under Qazlal
  2780 | Sewer    | Reached skill level 5 in Dodging
  2834 | D:5      | Noticed Blork the orc
  2840 | D:5      | Killed Blork the orc
  2850 | D:5      | HP: 2/64 [Menkaure (2)]
  2856 | D:5      | Killed from afar by Menkaure

Illustrated notes

Levels and vault maps discovered:
D:1:      sevenhm_arrival_forest_fort_small_6, layout_basic
D:2:      layout_rooms, serial_glass, glass_columns_b, glass_columns_a,
          minmay_strange_pillars, ebering_ecumenical_altar_rust
D:3:      layout_basic, serial_shops, nicolae_shop_stone
D:4:      layout_loops_ring, serial_shops, nicolae_shop_tiny_real_fake_doors,
          uniq_ijyb
D:5:      layout_loops_cross, minmay_temple_entry_glass, portal_sewer_entry_d,
          lexackson_kobold_supper, uniq_blork_the_orc, uniq_prince_ribbit1,
          uniq_menkaure
Temple:   chequers_temple_sunken

Skill      XL: |  1  2  3  4  5  6  7  8 |
---------------+-------------------------+-----
Dodging        | 2 3 4 5 |  5.1
Ranged Weapons | 4 5 6 7 |  7.9
Fighting       | 3 4 5 |  5.7
Stealth        | |  0.7

Action                     |  1- 3 |  4- 6 |  7- 9 || total
---------------------------+-------+-------+-------++-------
  Melee: Sling             |       |       |     4 ||     4
   Fire: Sling             |   152 |   176 |   294 ||   622
    Use: Scroll            |       |     1 |    11 ||    12
         Potion            |       |       |     4 ||     4
 Armour: Leather armour    |    30 |     3 |    46 ||    79
  Dodge: Dodged            |    34 |     5 |    40 ||    79
  Block: Other             |       |       |     1 ||     1

Table legend: (Time is in decaauts)
 A = Elapsed time spent in this place.
 B = Non-inter-level travel time spent in this place.
 C = Inter-level travel time spent in this place.
 D = Time resting spent in this place.
 E = Time spent auto-exploring this place.
 F = Levels seen in this place.
 G = Mean time per level.
                   A        B        C        D        E       F      G
               +--------+--------+--------+--------+--------+-----+--------+
         Total |   2985 |   2865 |    120 |      0 |   2006 |   7 |  426.4 |
       Dungeon |   2612 |   2514 |     98 |      0 |   1831 |   5 |  522.4 |
        Temple |     70 |     48 |     22 |      0 |      0 |   1 |   70.0 |
         Sewer |    302 |    302 |      0 |      0 |    175 |   1 |  302.0 |
               +--------+--------+--------+--------+--------+-----+--------+

Top non-repeatable levels by time:
     D:4: 587 daAuts
     D:3: 567 daAuts
     D:1: 567 daAuts
     D:2: 555 daAuts
     D:5: 334 daAuts
   Sewer: 302 daAuts
  Temple: 70 daAuts
